Map: Torches LE

Players

ArhutrPH - Winner!

  • Race: Zerg Zerg
  • League: Master
  • Spawn Location: 5:00

KimChiLoVer

  • Race: Terran Terran
  • League: Diamond
  • Spawn Location: 1:00

VOD

Have the link to the VOD?

Description

Time

  • Played on: Aug. 25, 2025, 10:51 p.m.
  • Length: 12:51
Show
View Real Time Build Order
Export as new Build Order

ArhutrPH Zerg - Winner!

Build Orders: Hatch First, Lurkers 

Get SALT Encoding   

  12  0:00  Drone  
  13  0:12  Overlord  
  13  0:17  Drone  
  14  0:30  Drone x2  
  16  0:49  Hatchery  
  15  0:53  Drone  
  15  0:55  Drone  
  17  0:58  Drone  
  18  1:08  Extractor  
  17  1:15  Spawning Pool  
  17  1:17  Drone  
  17  1:22  Drone  
  18  1:28  Drone  
  19  1:40  Overlord  
  19  1:50  Drone  
  20  2:02  Queen x2  
  20  2:04  Zergling x2  
  20  2:05  Zergling x2  
  26  2:15  Drone, Baneling Nest  
  26  2:18  Drone  
  27  2:24  Drone  
  27  2:25  Drone  
  29  2:56  Drone x4  
  32  3:01  Overlord  
  32  3:02  Drone  
  33  3:07  Hatchery  
  32  3:13  Queen  
  34  3:21  Queen  
  34  3:24  Drone  
  34  3:26  Drone  
  38  3:28  Drone  
  38  3:30  Drone  
  38  3:32  Drone  
  41  3:35  Drone  
  41  3:38  Drone  
  43  3:42  Overlord  
  43  3:52  Evolution Chamber  
  43  3:53  Lair  
  42  3:57  Drone x2  
  44  4:13  Zergling x6  
  44  4:14  Zergling x6  
  44  4:15  Overlord  
  44  4:16  Zergling x4  
  52  4:18  Overlord  
  52  4:27  Metabolic Boost  
  52  4:30  Zerg Ground Armor Level 1  
  52  4:37  Drone x3  
  52  4:38  Drone x3  
  58  4:41  Extractor  
  58  4:42  Drone x2, Extractor  
  58  4:53  Roach Warren  
  58  4:56  Drone x2  
  58  4:57  Drone x4  
  63  5:00  Overlord  
  63  5:11  Zergling x6  
  66  5:16  Drone x3  
  69  5:22  Queen x2  
  73  5:34  Roach x2  
  73  5:35  Roach x2  
  81  5:36  Overlord  
  81  5:43  Drone, Hydralisk Den  
  81  5:44  Drone  
  81  5:46  Centrifugal Hooks  
  81  5:49  Overlord x2  
  82  6:00  Roach x2  
  82  6:02  Roach  
  88  6:08  Hatchery  
  87  6:17  Roach x3  
  87  6:18  Roach x5  
  103  6:23  Zergling x2, Overlord  
  103  6:24  Zergling x4  
  106  6:28  Zerg Missile Weapons Level 1  
  106  6:36  Overlord x2  
  106  6:47  Glial Reconstitution, Grooved Spines  
  108  6:54  Roach x4  
  108  6:55  Roach x3  
  108  6:56  Zergling x2  
  108  6:57  Zergling x8  
  122  7:14  Roach x2  
  122  7:15  Roach x4  
  129  7:18  Overlord x3  
  129  7:28  Hydralisk x2  
  133  7:32  Drone x3  
  133  7:34  Overlord x2  
  136  7:39  Extractor  
  136  7:40  Extractor  
  136  7:42  Zergling x4  
  136  7:43  Zergling x2  
  126  7:53  Hydralisk x3  
  130  8:02  Zergling x2  
  125  8:17  Zergling x4  
  125  8:18  Zergling x6  
  130  8:23  Hydralisk  
  130  8:24  Hydralisk  
  130  8:25  Zerg Missile Weapons Level 2  
  133  8:40  Drone x4  
  137  8:47  Drone x3  
  137  9:00  Drone x2  
  137  9:01  Drone x4  
  136  9:13  Roach x4  
  126  9:18  Zergling x6  
  119  9:27  Roach  
  121  9:32  Drone x3  
  121  9:33  Drone  
  121  9:34  Drone x2  
  127  9:43  Hydralisk, Roach x3  
  127  9:44  Hydralisk x2, Roach x2  
  143  9:46  Hatchery  
  143  9:49  Evolution Chamber  
  143  9:50  Extractor  
  140  9:54  Zergling x10  
  140  9:55  Zergling x2  
  146  10:00  Zergling x8  
  150  10:11  Zergling x8  
  154  10:15  Zerg Ground Armor Level 2  
  154  10:17  Muscular Augments  
  154  10:19  Zergling x4  
  154  10:20  Zergling x8  
  160  10:28  Hydralisk x6  
  162  10:29  Hydralisk x2  
  162  10:33  Baneling  
  162  10:34  Baneling x5  
  176  10:37  Overlord x4  
  176  10:48  Zergling x6  
  176  10:49  Zergling x4  
  175  10:50  Zergling x2, Overlord  
  175  10:51  Baneling x2  
  175  10:52  Baneling x7  
  175  10:53  Baneling x5  
  175  10:56  Zergling x4  
  175  10:57  Zergling x4  
  180  11:04  Drone x2  
  182  11:12  Lurker Den  
  181  11:19  Infestation Pit  
  181  11:21  Zergling x2  
  181  11:22  Zergling x18  
  190  11:30  Drone x2  
  190  11:31  Drone x8  
  200  11:37  Spine Crawler  
  200  11:38  Spine Crawler  
  182  11:55  Roach x4  
  182  11:56  Roach x8  
  188  12:01  Zergling x2  
  188  12:02  Zergling x24  
  198  12:09  Roach  
  198  12:11  Roach x2  
  186  12:18  Roach x5  
  186  12:19  Roach x2  
  181  12:23  Zergling x2  
  181  12:24  Zergling x6  
  179  12:31  Roach x2  
  179  12:44  Lurker x6  
Show
View Real Time Build Order
Export as new Build Order

KimChiLoVer Terran 

Build Orders: Reaper Expand 

Get SALT Encoding   

  12  0:00  SCV  
  13  0:12  SCV  
  14  0:17  Supply Depot  
  14  0:24  SCV  
  15  0:39  SCV  
  15  0:40  Barracks  
  16  0:46  Refinery  
  16  0:51  SCV  
  17  1:03  SCV  
  18  1:15  SCV  
  19  1:28  Orbital Command  
  19  1:31  Reaper  
  20  1:42  Command Center  
  20  1:53  Supply Depot  
  20  1:55  SCV  
  21  2:03  Marine  
  21  2:06  Factory  
  22  2:16  Refinery  
  22  2:19  Barracks  
  22  2:22  SCV  
  23  2:30  Barracks Reactor  
  23  2:34  SCV  
  24  3:09  Marine x2  
  24  3:10  Factory Tech Lab  
  26  3:13  Starport  
  26  3:14  Orbital Command  
  26  3:22  SCV  
  26  3:23  Command Center  
  26  3:24  Marine  
  28  3:28  Marine  
  29  3:35  Orbital Command  
  29  3:46  Factory Reactor  
  29  3:53  Starport Reactor  
  29  3:54  Marine x2  
  31  3:59  Supply Depot  
  31  4:01  Barracks  
  31  4:02  Engineering Bay  
  31  4:04  Stimpack  
  31  4:10  SCV  
  32  4:20  Barracks  
  32  4:22  SCV  
  33  4:31  Marine x2  
  33  4:34  SCV  
  33  4:37  SCV  
  33  4:38  Factory Tech Lab  
  38  4:40  Terran Infantry Weapons Level 1  
  38  4:44  Orbital Command  
  37  4:46  SCV  
  37  4:52  Supply Depot  
  38  4:57  Engineering Bay, SCV  
  38  4:58  SCV  
  40  5:07  Siege Tank  
  43  5:10  SCV  
  43  5:11  SCV x2  
  46  5:18  Marine  
  46  5:19  Marine  
  46  5:20  Medivac  
  50  5:24  Terran Infantry Armor Level 1  
  50  5:31  SCV  
  50  5:32  Supply Depot  
  51  5:36  SCV  
  51  5:37  Marine x2  
  51  5:38  Supply Depot  
  51  5:40  Barracks Reactor  
  54  5:44  SCV  
  55  5:55  Marine  
  55  5:56  SCV, Marine x4  
  61  5:57  Medivac x2  
  61  6:00  Orbital Command  
  61  6:01  SCV  
  66  6:05  Refinery  
  66  6:08  SCV  
  67  6:11  Combat Shield  
  67  6:13  Marine x3, SCV  
  67  6:14  Marine  
  72  6:20  SCV  
  74  6:25  SCV  
  74  6:30  Refinery  
  74  6:35  SCV  
  74  6:37  SCV  
  74  6:38  Marine x3  
  74  6:39  Liberator  
  82  6:41  Supply Depot  
  82  6:43  Supply Depot  
  82  6:47  SCV  
  82  6:49  SCV  
  82  6:51  Supply Depot x2  
  82  6:53  Supply Depot  
  84  6:59  SCV  
  85  7:01  SCV  
  85  7:02  Marine x4  
  85  7:03  Marine x2  
  85  7:08  Armory  
  92  7:09  Orbital Command  
  92  7:11  SCV, Barracks  
  92  7:13  SCV  
  92  7:14  Barracks  
  90  7:26  SCV  
  91  7:37  Marine x2, Marauder  
  91  7:38  Supply Depot x2  
  91  7:41  Marine x4  
  96  7:55  Marine x2  
  96  7:58  SCV  
  94  7:59  Marine x4, Marauder  
  98  8:13  Marine x2  
  98  8:16  Marine x2  
  98  8:17  Marine x4  
  103  8:20  Marauder  
  103  8:30  Marine  
  103  8:31  Marine  
  105  8:34  Marine x2  
  105  8:35  Marine x3  
  105  8:38  Marine  
  107  8:41  Marauder  
  95  8:48  Marine x2  
  95  8:50  SCV  
  95  8:52  Marine x4  
  95  8:53  Medivac x2, Marine  
  107  8:56  Marine  
  107  8:58  Terran Infantry Armor Level 2, Terran Infantry Weapons Level 2  
  107  9:02  SCV  
  109  9:03  Marauder  
  109  9:06  Marine x2  
  111  9:10  Marine  
  77  9:24  Marauder  
  77  9:28  Orbital Command  
  77  9:29  Siege Tank  
  77  9:31  Barracks Tech Lab x2  
  79  9:34  Medivac, Liberator  
  84  9:41  Command Center  
  84  9:44  Command Center, Marine x5  
  84  9:45  Marine  
  92  9:46  Marauder  
  92  10:01  Siege Tank  
  92  10:05  Concussive Shells, Terran Vehicle And Ship Armor Level 1  
  92  10:06  Factory, Marine, Marauder  
  92  10:07  Marine x3, Marauder x2  
  105  10:19  SCV x3  
  108  10:23  Marine x2  
  108  10:24  Marine x2  
  108  10:27  Viking  
  108  10:28  Marauder  
  116  10:31  SCV  
  116  10:33  Supply Depot, Barracks  
  117  10:37  Supply Depot, Siege Tank, Marauder x2  
  117  10:40  Supply Depot, SCV x2  
  126  10:52  Marine x4, Marauder  
  126  10:53  Marine x2  
  134  10:57  Refinery  
  134  10:58  Marine, Marauder  
  134  10:59  Refinery  
  134  11:03  Planetary Fortress  
  137  11:04  Missile Turret  
  137  11:07  Orbital Command  
  137  11:11  Factory Tech Lab  
  137  11:28  Missile Turret, Barracks  
  137  11:29  Missile Turret  
  137  11:34  Marine x5, Marauder x2  
  137  11:35  Barracks Tech Lab  
  137  11:36  Marine, Marauder  
  120  11:55  Marauder  
  120  11:59  Marine x2  
  120  12:00  Marine x3, Marauder  
  73  12:08  Marine  
  73  12:09  Marauder x2  
  69  12:16  Marine  
  69  12:17  Marine x3  
  69  12:21  Marauder  
  63  12:24  Marine  
  63  12:26  Marine  
  52  12:30  Marauder x2  
Tags
 
Add a new tag
Caveats
  • Supply blocks, unpowered buildings, or Contaminate may cause inaccurate times.
  • Supply counts are checked every 10 seconds.